 Dungeon Crawl Stone Soup version 0.17.1-2-g5865329 (webtiles) character file.

90 Galimka the Chopper (level 4, 0/40 HPs)
             Began as a Minotaur Berserker on Jan 17, 2016.
             Was a Believer of Trog.
             Slain by Crazy Yiuf
             ... wielding a +3 quarterstaff of chaos
              (2 damage)
             ... on level 3 of the Dungeon.
             The game lasted 00:27:10 (1909 turns).

Galimka the Chopper (Minotaur Berserker)            Turns: 1909, Time: 00:27:11

Health: 0/40       AC:  8    Str: 23    XL:     4   Next: 32%
Magic:  3/3        EV: 12    Int:  4    God:    Trog [**....]
Gold:   176        SH:  0    Dex: 11    Spells: 0 memorised, 3 levels left

rFire  . . .     SeeInvis .     a - +0 hand axe
rCold  . . .     Clarity  .     f - +0 ring mail
rNeg   . . .     SustAt   .     (no shield)
rPois  .         Gourm    +     (helmet restricted)
rElec  .         Spirit   .     (no cloak)
rCorr  .         Warding  .     g - +0 pair of gloves (curse)
rMut   .         Stasis   .     (no boots)
MR     .....                    e - amulet of the gourmand
Stlth  +.........               G - +2 ring of protection
                                k - +2 ring of dexterity

@: lethally poisoned (0 -> -5), not resistant to hostile enchantments, very
unstealthy
A: retaliatory headbutt, horns 2
a: Berserk, Trog's Hand, Burn Spellbooks, Renounce Religion


You were on level 3 of the Dungeon.
You worshipped Trog.
Trog was pleased with you.
You were not hungry.

You visited 1 branch of the dungeon, and saw 3 of its levels.

You collected 176 gold pieces.

Inventory:

Hand Weapons
 a - a +0 hand axe (weapon)
 l - a +0 club
 m - a +0 dagger
 n - a +0 dagger
 p - a +0 dagger
 s - a +0 dagger
 u - a +0 club
 v - a +0 dagger
 z - a +0 spear
 B - a +0 club
 C - a +0 club
 D - a +0 spear
 H - a +0 short sword
Missiles
 j - 105 stones (quivered)
 A - a throwing net
 F - 12 poisoned needles
Armour
 b - a +0 animal skin
 f - a +0 ring mail (worn)
 g - a cursed +0 pair of gloves (worn)
 q - a +1 pair of gloves
 t - a +0 ring mail
 w - a +0 robe
Jewellery
 e - an amulet of the gourmand (around neck)
 k - a +2 ring of dexterity (left hand)
 G - a +2 ring of protection (right hand)
Scrolls
 d - 2 scrolls of blinking {unknown}
 i - 2 scrolls of enchant armour {unknown}
 o - 2 scrolls of remove curse {unknown}
 x - a scroll of amnesia {unknown}
 y - a scroll of magic mapping {unknown}
Potions
 h - a potion of lignification {unknown}
 r - a potion of curing {unknown}
 E - a potion of degeneration {unknown}
Comestibles
 c - 3 bread rations


   Skills:
 + Level 4.3 Fighting
 + Level 4.3 Axes
 + Level 3.6 Armour
 + Level 3.2 Dodging


You had 3 spell levels left.
You didn't know any spells.

Dungeon Overview and Level Annotations

Branches:
Dungeon (3/15)

Altars:
Ashenzari
Cheibriados
Ru
Sif Muna

Annotations:
D:3 Crazy Yiuf


Innate Abilities, Weirdness & Mutations

You reflexively headbutt those who attack you in melee.
You have a pair of horns on your head.


Message History

You hit Crazy Yiuf but do no damage. You headbutt Crazy Yiuf.
Crazy Yiuf is moderately wounded.
You feel sick. Crazy Yiuf closely misses you.
You barely miss Crazy Yiuf.
Crazy Yiuf is moderately wounded.
You feel sick.
Crazy Yiuf hits you with a quarterstaff of chaos!
You hit Crazy Yiuf.
Crazy Yiuf is heavily wounded.
You feel sick.
Crazy Yiuf hits you with a quarterstaff of chaos!
* * * LOW HITPOINT WARNING * * *
Crazy Yiuf burns you.
* * * LOW HITPOINT WARNING * * *
You barely miss Crazy Yiuf. You headbutt Crazy Yiuf.
Crazy Yiuf is severely wounded.
Crazy Yiuf hits you with a quarterstaff of chaos.
* * * LOW HITPOINT WARNING * * *
Crazy Yiuf freezes you.
You die...

######..........##..#.#
.# #############..††#
.# ##.#.# .# #####
#.#.##.# #)..#
#####......# #...#
#.......#### ...
#######.# #g#
##.###.#### ♣@♣♣
##.........# ♣♣.♣
#.....#.##.# ♣.♣♣
##...##.##.# ♣♣.♣
##..##.##.# ♣♣.♣♣
#......##.# ♣♣...♣
#.#.#####.# ♣..♣.♣
#.#.......# ##..##
#.#########
##....####.#


You could see Crazy Yiuf.

Vanquished Creatures
  An adder (D:2)
  4 gnolls (D:2)
  A worm (D:2)
  2 giant geckos
  4 bats
  2 giant cockroaches (D:1)
  4 goblins
  5 hobgoblins
  6 jackals (D:3)
  5 kobolds
  3 quokkas
  A giant newt (D:1)
  3 rats
41 creatures vanquished.

Notes
Turn   | Place    | Note
--------------------------------------------------------------
     0 | D:1      | Galimka the Minotaur Berserker began the quest for the Orb.
     0 | D:1      | Reached XP level 1. HP: 19/19 MP: 0/0
   474 | D:1      | Reached skill level 4 in Axes
   691 | D:1      | Reached XP level 2. HP: 27/27 MP: 1/1
  1385 | D:2      | Reached XP level 3. HP: 29/33 MP: 2/2
  1478 | D:2      | Found a shattered altar of Ashenzari.
  1492 | D:2      | Reached ** piety under Trog
  1600 | D:2      | Reached XP level 4. HP: 31/40 MP: 3/3
  1702 | D:3      | Found a snail-covered altar of Cheibriados.
  1702 | D:3      | Found a deep blue altar of Sif Muna.
  1736 | D:3      | Found a sacrificial altar of Ru.
  1901 | D:3      | Noticed Crazy Yiuf
  1909 | D:3      | HP: 2/40 [Crazy Yiuf/quarterstaff of chaos (3)]
  1909 | D:3      | Slain by Crazy Yiuf

Action                   |  1- 3 |  4- 6 || total
-------------------------+-------+-------++-------
Melee: Hand axe          |    73 |    24 ||    97
  Eat: Fruit             |     1 |       ||     1
       Bread ration      |     1 |       ||     1
